 Dungeon Crawl Stone Soup version 0.30-a0-702-gdf48620a09 (webtiles) character file.

Game seed: 9967184787002714606

32 hikkokomori the Firebug (level 2, 0/20 HPs)
             Began as a Demigod Fire Elementalist on Jan 22, 2023.
             Slain by Natasha (6 damage)
             ... on level 2 of the Dungeon.
             The game lasted 00:01:48 (1506 turns).

hikkokomori the Firebug (Demigod Fire Elementalist) Turns: 1506, Time: 00:01:49

Health: 0/20       AC:  3    Str:  9    XL:     2   Next: 93%
Magic:  6/7        EV:  9    Int: 17    God:
Gold:   128        SH:  0    Dex: 14    Spells: 2/5 levels left

rFire   . . .      SeeInvis .    e - +0 dagger
rCold   . . .      Faith    .    (no shield)
rNeg    . . .      Spirit   .    a - +1 robe
rPois   .          Reflect  .    (no helmet)
rElec   .          Harm     .    (no cloak)
rCorr   .          Rampage  .    (no gloves)
Will    .....                    (no boots)
Stlth   ++                       (no amulet)
HPRegen 0.23/turn                (no ring)
MPRegen 0.10/turn                (no ring)

@: grasped by roots, constricted
A: high MP 1, forlorn, divine attributes
a: no special abilities


You were on level 2 of the Dungeon.
You visited 1 branch of the dungeon, and saw 2 of its levels.

You collected 128 gold pieces.

Inventory:

Hand Weapons
 e - a +0 dagger (weapon)
Armour
 a - a +1 robe (worn)
Scrolls
 h - a scroll of enchant armour
 k - 3 scrolls of identify {unknown}
 n - a scroll of poison {unknown}
Potions
 b - 3 potions of magic
 c - 2 potions of flight {unknown}
 d - 2 potions of lignification {unknown}
 f - 2 potions of invisibility {unknown}
 g - 2 potions of curing {unknown}
 i - a potion of attraction {unknown}
 j - 3 potions of heal wounds {unknown}
 l - a potion of might {unknown}
 m - a potion of berserk rage {unknown}


   Skills:
 - Level 1.9 Dodging
 - Level 1.9 Stealth
 + Level 2.2 Spellcasting
 + Level 1.6 Conjurations
 + Level 3.1 Fire Magic


You had 2 spell levels left.
You knew the following spells:

 Your Spells              Type           Power      Damage    Failure   Level
a - Foxfire               Conj/Fire      36%        2x1d5     8%          1
b - Scorch                Fire           24%        2d6       8%          2

Your spell library contained the following spells:

 Spells                   Type           Power      Damage    Failure   Level
 Kiss of Death            Conj/Necr      16%        2d6       14%         1
 Inner Flame              Hex/Fire       7%         N/A       30%         3
 Kindle Blastsparks       Fire/Tloc/Air  10%        2d10      36%         3
 Confusing Touch          Hex            1%         N/A       50%         3
 Flame Wave               Conj/Fire      9%         2d6       58%         4
 Dispel Undead            Necr           1%         3d6       88%         4


Dungeon Overview and Level Annotations

Branches:
Dungeon (2/15)

Shops:
D:1 ![!

Annotations:
D:2 Natasha


Innate Abilities, Weirdness & Mutations

You have an increased reservoir of magic. (+10% MP)
You shall have no god before yourself.
Your divine heritage dramatically boosts your attributes as you level up.


Message History

A rat is nearby!
You hit the rat.
You kill the rat!
No target in view!
Natasha, Servant of Life and Death comes into view.
She is carrying a wand of roots (10).
Natasha is nearby!
Natasha is nearby!
Natasha hisses angrily.
You hit Natasha.
Natasha is lightly wounded.
Natasha casts a spell.
You hit Natasha but do no damage.
Natasha is lightly wounded.
Natasha closely misses you.
The shadow imp hits you but does no damage.
You conjure some foxfire!
Natasha claws you. The shadow imp barely misses you.
You hit Natasha.
Natasha is moderately wounded.
The foxfire hits the shadow imp.
The shadow imp is lightly wounded.
The foxfire hits the shadow imp.
The shadow imp is lightly wounded.
Natasha zaps a wand.
The roots erupt in riotous growth!
The grasping roots grab you!
Natasha is unaffected.
The shadow imp is unaffected.
The grasping roots constrict you. The shadow imp hits you.
Unknown command.
You are too injured to fight recklessly!
You are too injured to fight recklessly!
You are too injured to fight recklessly!
Unknown command.
You hit Natasha but do no damage.
Natasha is moderately wounded.
Natasha claws you but does no damage. The grasping roots constrict you.
* * * LOW HITPOINT WARNING * * *
The shadow imp hits you but does no damage.
You hit Natasha. You punch Natasha.
Natasha is heavily wounded.
Natasha claws you.
You die...

#....#######.#
#[##....#....#
...####..#.####
###.# #..#.# ..#
#....# #####
#..### ..# #..#
#.#####h# #..#
#.....#@#####..#
#..5.......#
#####.#####.##
#...........#
#.###.#######
#.# ..# ####


You could see Natasha and a shadow imp (summoned).

Vanquished Creatures
  A dart slug (D:1)
  3 ball pythons (D:1)
  5 bats
  An endoplasm (D:2)
  2 giant cockroaches (D:2)
  3 goblins
  2 hobgoblins
  5 kobolds
  A quokka (D:1)
  6 rats
29 creatures vanquished.

Vanquished Creatures (others)
  14 foxfires
14 creatures vanquished.

Grand Total: 43 creatures vanquished

Notes
Turn   | Place    | Note
-------+----------+-------------------------------------------
     0 | D:1      | hikkokomori the Demigod Fire Elementalist began the quest
                  | for the Orb.
     0 | D:1      | Reached XP level 1. HP: 14/14 MP: 5/5
   175 | D:1      | Found Nidak's Distillery.
   180 | D:1      | Reached skill level 1 in Conjurations
   374 | D:1      | Found Ycvuxt's Antique Armour Emporium.
   464 | D:1      | Reached XP level 2. HP: 20/20 MP: 5/7
   612 | D:1      | Found Ximiuc's Distillery.
   919 | D:1      | Reached skill level 3 in Fire Magic
  1487 | D:2      | Learned a level 2 spell: Scorch
  1497 | D:2      | Noticed Natasha
  1506 | D:2      | Slain by Natasha

Illustrated notes

Levels and vault maps discovered:
D:1:      dpeg_arrival_prison, layout_basic, serial_shops, shop,
          nicolae_shop_behind_doors, nicolae_shop_temple_entry_statues_fountains
D:2:      layout_loops_ring, uniq_natasha

Skill      XL: |  1  2 |
---------------+-------+-----
Conjurations   | 1 |  1.6
Spellcasting   | 2 |  2.2
Fire Magic     | 3 |  3.1
Dodging        | |  1.9
Stealth        | |  1.9

Action                   || total
-------------------------++-------
Melee: Unarmed           ||    29
       Dagger            ||    78
       Punch             ||     1
 Cast: Foxfire           ||    10
  Use: Scroll            ||     3
 Stab: Sleeping          ||     7
Armor: Robe              ||    21
Dodge: Dodged            ||    55

Table legend: (Time is in decaauts)
 A = Elapsed time spent in this place.
 B = Non-inter-level travel time spent in this place.
 C = Inter-level travel time spent in this place.
 D = Time resting spent in this place.
 E = Time spent auto-exploring this place.
 F = Levels seen in this place.
 G = Mean time per level.
                   A        B        C        D        E       F      G
               +--------+--------+--------+--------+--------+-----+--------+
         Total |   1505 |   1413 |     92 |      0 |   1164 |   2 |  752.5 |
       Dungeon |   1505 |   1413 |     92 |      0 |   1164 |   2 |  752.5 |
               +--------+--------+--------+--------+--------+-----+--------+

Top non-repeatable levels by time:
     D:1: 1051 daAuts
     D:2: 453 daAuts
